 Dungeon Crawl Stone Soup version 0.29.1-15-g9cfb28693d (webtiles) character file.

Game seed: 12458291607578994293

11 Farfigtubin the Trooper (level 2, 27/27 HPs)
             Began as a Hill Orc Fighter on Mar 12, 2023.
             Was a Follower of Dithmenos.
             Quit the game on level 1 of the Dungeon.
             The game lasted 00:02:41 (193 turns).

Farfigtubin the Trooper (Hill Orc Fighter)           Turns: 193, Time: 00:02:42

Health: 27/27      AC:  6    Str: 18    XL:     2   Next: 29%
Magic:  2/2        EV:  9    Int:  8    God:    Dithmenos [*.....]
Gold:   23         SH:  4    Dex: 10    Spells: 1/1 levels left

rFire   . . .      SeeInvis .   a - +0 war axe
rCold   . . .      Faith    .   c - +0 buckler
rNeg    . . .      Spirit   .   b - +0 scale mail
rPois   .          Reflect  .   (no helmet)
rElec   .          Harm     .   (no cloak)
rCorr   .          Rampage  .   (no gloves)
Will    .....                   (no boots)
Stlth   ..........              (no amulet)
HPRegen 0.09/turn               (no ring)
MPRegen 0.08/turn               (no ring)

@: wreathed by umbra
A: no striking features
a: Renounce Religion


You were on level 1 of the Dungeon.
You worshipped Dithmenos.
Dithmenos was aware of your devotion.
You visited 1 branch of the dungeon, and saw 1 of its levels.

You collected 23 gold pieces.

Inventory:

Hand Weapons
 a - a +0 war axe (weapon)
Missiles
 g - a stone (quivered)
 i - 5 poisoned darts
Armour
 b - a +0 scale mail (worn)
 c - a +0 buckler (worn)
Scrolls
 e - a scroll of noise {unknown}
 h - a scroll of identify {unknown}
Potions
 d - a potion of might
 f - a potion of degeneration {unknown}


   Skills:
 + Level 3.8 Fighting
 * Level 3.4 Axes
 - Level 3.2 Armour
 + Level 3.5 Shields


You had one spell level left.
You didn't know any spells.
Your spell library was empty.

Dungeon Overview and Level Annotations

Branches:
Dungeon (1/15)

Altars:
Dithmenos
Beogh


Message History

The giant cockroach bites you but does no damage.
You closely miss the giant cockroach. The giant cockroach closely misses you.
The giant cockroach bites you but does no damage.
You slash the giant cockroach!
You kill the giant cockroach!
You see here a giant cockroach corpse.
f - an inky potion You open the door.
Found a kobold skeleton.
There is an open door here.
You open the door.
Found a stone.
Found a faded altar of an unknown god.
There is an open door here.
g - a stone
There is a faded altar of an unknown god here.
You cannot tell which god this altar belongs to.
Convert to them anyway?
Okay, then.
There is an open door here.
You open the door.
Found a merfolk skeleton.
There is an open door here.
You see here a +0 dagger.
h - a scroll labelled CIPOCIXT HECSU
Found 5 poisoned darts.
A bat comes into view.
The bat barely misses you.
You barely miss the bat. The bat hits you but does no damage.
You block the bat's attack. The bat closely misses you.
You slash the bat!
You kill the bat!
i - 5 poisoned darts
There is an open door here.
There is a faded altar of an unknown god here.
You cannot tell which god this altar belongs to.
Convert to them anyway?
Dithmenos accepts your prayer! Dithmenos welcomes you!
You are shrouded in an aura of darkness!
There is an open door here.
Found a leather armour.
Are you sure you want to abandon this character and quit the game? (Confirm with "yes".)

#...............#≈#...###
......................#
............#.)..†....#
.#....###...##.......##
.#....###....##.....##
+.........#..###'###
#.........#....#÷# .
.............####....
......##.....@.......
##.............#.....
#####.#.#+###.# ##[ #...#
.# ..... .# .###.. .# ..
#.# .# .. #.# ##


There were no monsters in sight!

Vanquished Creatures
  A bat (D:1)
  An endoplasm (D:1)
  4 giant cockroaches (D:1)
  A hobgoblin (D:1)
  A frilled lizard (D:1)
  2 rats (D:1)
10 creatures vanquished.

Notes
Turn   | Place    | Note
-------+----------+-------------------------------------------
     0 | D:1      | Farfigtubin the Hill Orc Fighter began the quest for the
                  | Orb.
     0 | D:1      | Reached XP level 1. HP: 19/19 MP: 1/1
    53 | D:1      | Found a roughly hewn altar of Beogh.
    63 | D:1      | Reached XP level 2. HP: 19/27 MP: 2/2
    94 | D:1      | Found a faded altar of an unknown god.
   174 | D:1      | Prayed at the altar of an unknown god.
   174 | D:1      | Became a worshipper of Dithmenos the Shadowed
   174 | D:1      | Reached * piety under Dithmenos
   193 | D:1      | Quit the game

Illustrated notes

Levels and vault maps discovered:
D:1:      eino_arrival_cavern_c, layout_basic, serial_shops,
          nicolae_lakefront_shop, nicolae_shop_advertising_works
          [nicolae_subvault_shop_adworks],
          hellmonk_ecumenical_altar_defaced_shrine,
          chequers_serial_rivers_micro_b, chequers_serial_rivers_large_a

Skill      XL: |  1 |
---------------+----+-----
Axes           | 3 |  3.4
Fighting       | |  3.8
Armour         | |  3.2
Shields        | |  3.5

Action                   || total
-------------------------++-------
Melee: War axe           ||    20
Armor: Scale mail        ||    12
Dodge: Dodged            ||    13
Block: Buckler           ||     4
